[ AOE2 MATCH · #484538965 ]
UnrankedTurks vs Turks
Player's team · LOSS
Rival team · WIN
[ REPLAY ANALYSIS · EXTRACTED FROM THE RECORDED GAME ]
Feudal
12:13
Castle
18:10
Imperial
30:48
| APM avg | 25.0 |
| APM peak | 65 |
| eAPM avg | 17.6 |
| Villagers / military | 159 / 292 |
Focus
⚔️ 26.3% · 🌾 73.7%
Scout Cavalry ×177 · Janissary ×64 · Bombard Cannon ×36 · Knight ×11 · Trebuchet (Packed) ×4
Feudal
—
Castle
—
Imperial
—
| APM avg | 26.7 |
| APM peak | 59 |
| eAPM avg | 15.9 |
| Villagers / military | 163 / 257 |
Focus
⚔️ 30.4% · 🌾 69.6%
Janissary ×208 · Scout Cavalry ×35 · Bombard Cannon ×14
Match map
Initial resources + every placement click. Lines = walls · curves = elevation contours. ◆ gold · ⬟ stone · ● berries · ✦ relic · ◌ wall gap
Your base· ✓ Closed at 18:10 · 0t walls · 2 gate(s)
King JC1524's base· ✓ Closed at 14:53 · 0t walls · 2 gate(s)
Smoothed initial terrain · ◌ = detected wall gap · hover for details
Inputs per minute
— dumnorix - - King JC1524
Build order — dumnorix
First 150 of 490 actions detected
| 0:03 | Create | Villager (Male) |
| 0:03 | Create | Villager (Male) |
| 0:03 | Create | Villager (Male) |
| 0:03 | Create | Villager (Male) |
| 0:04 | Create | Villager (Male) |
| 0:06 | Build | House |
| 0:09 | Build | House |
| 1:31 | Create | Villager (Male) |
| 1:31 | Create | Villager (Male) |
| 1:52 | Build | Lumber Camp |
| 2:00 | Create | Villager (Male) |
| 2:25 | Create | Villager (Male) |
| 2:25 | Create | Villager (Male) |
| 2:58 | Research | Loom |
| 3:03 | Create | Villager (Male) |
| 3:03 | Create | Villager (Male) |
| 3:06 | Create | Villager (Male) |
| 3:58 | Create | Villager (Male) |
| 3:58 | Create | Villager (Male) |
| 3:59 | Create | Villager (Male) |
| 4:05 | Build | House |
| 4:12 | Build | House |
| 4:27 | Create | Villager (Male) |
| 4:27 | Create | Villager (Male) |
| 4:28 | Create | Villager (Male) |
| 4:34 | Build | Mill |
| 5:49 | Build | Mining Camp |
| 5:53 | Create | Villager (Male) |
| 5:53 | Create | Villager (Male) |
| 5:54 | Create | Villager (Male) |
| 5:54 | Create | Villager (Male) |
| 6:37 | Create | Villager (Male) |
| 6:37 | Create | Villager (Male) |
| 6:38 | Create | Villager (Male) |
| 7:13 | Create | Villager (Male) |
| 7:13 | Create | Villager (Male) |
| 7:14 | Create | Villager (Male) |
| 7:27 | Build | Lumber Camp |
| 8:13 | Build | House |
| 8:51 | Build | Mill |
| 9:09 | Create | Villager (Male) |
| 9:11 | Create | Villager (Male) |
| 9:17 | Research | Feudal Age |
| 10:36 | Build | Mining Camp |
| 11:02 | Build | Barracks |
| 11:16 | Build | House |
| 11:18 | Build | House |
| 11:36 | Build | Farm |
| 11:37 | Build | Farm |
| 11:37 | Build | Farm |
| 11:37 | Build | Farm |
| 11:38 | Build | Farm |
| 11:38 | Build | Farm |
| 12:02 | Build | Farm |
| 12:10 | Create | Villager (Male) |
| 12:10 | Create | Villager (Male) |
| 12:10 | Create | Villager (Male) |
| 12:13 | Create | Villager (Male) |
| 12:13 | Age | Feudal Age |
| 12:34 | Build | Blacksmith |
| 12:51 | Build | Farm |
| 13:24 | Research | Double-Bit Axe |
| 13:39 | Research | Loom |
| 13:56 | Build | Market |
| 13:58 | Build | House |
| 14:00 | Build | House |
| 14:25 | Build | Farm |
| 14:32 | Build | Farm |
| 14:47 | Build | Farm |
| 15:30 | Research | Castle Age |
| 15:58 | Build | Stable |
| 16:08 | Build | Stable |
| 16:22 | Research | Horse Collar |
| 16:25 | Create | Villager (Male) |
| 16:26 | Create | Villager (Male) |
| 16:26 | Create | Villager (Male) |
| 16:35 | Build | Farm |
| 16:51 | Create | Villager (Male) |
| 16:52 | Create | Villager (Male) |
| 17:05 | Create | Scout Cavalry |
| 17:06 | Create | Scout Cavalry |
| 17:10 | Create | Scout Cavalry |
| 17:59 | Create | Scout Cavalry |
| 17:59 | Create | Scout Cavalry |
| 18:10 | Age | Castle Age |
| 18:25 | Research | Bloodlines |
| 18:46 | Build | Farm |
| 18:46 | Build | Farm |
| 18:46 | Build | Farm |
| 18:55 | Create | Villager (Male) |
| 18:55 | Create | Villager (Male) |
| 18:55 | Create | Villager (Male) |
| 19:21 | Build | Farm |
| 19:25 | Create | Villager (Male) |
| 19:25 | Create | Villager (Male) |
| 19:26 | Create | Villager (Male) |
| 19:33 | Build | Farm |
| 19:38 | Build | Farm |
| 19:38 | Build | Farm |
| 19:38 | Build | Farm |
| 20:02 | Build | Town Center |
| 20:19 | Create | Scout Cavalry ×3 |
| 20:34 | Create | Villager (Male) |
| 21:06 | Create | Villager (Male) |
| 21:06 | Create | Villager (Male) |
| 21:34 | Create | Villager (Male) |
| 21:34 | Create | Villager (Male) |
| 21:35 | Create | Villager (Male) |
| 21:35 | Create | Villager (Male) |
| 21:44 | Build | Farm |
| 21:45 | Build | Farm |
| 21:45 | Build | Farm |
| 21:45 | Build | Farm |
| 21:46 | Build | Farm |
| 21:58 | Build | Farm |
| 22:06 | Build | Farm |
| 22:10 | Create | Villager (Male) |
| 22:10 | Create | Villager (Male) |
| 22:10 | Create | Villager (Male) |
| 22:22 | Create | Villager (Male) |
| 22:22 | Create | Villager (Male) |
| 23:00 | Build | Lumber Camp |
| 23:11 | Build | House |
| 23:41 | Create | Villager (Male) |
| 23:41 | Create | Villager (Male) |
| 23:41 | Create | Villager (Male) |
| 23:41 | Create | Villager (Male) |
| 23:42 | Create | Villager (Male) |
| 23:47 | Build | House |
| 23:52 | Build | House |
| 23:53 | Build | House |
| 23:55 | Build | House |
| 23:59 | Build | Farm |
| 24:43 | Build | Castle |
| 24:54 | Build | House |
| 24:55 | Build | House |
| 24:58 | Build | House |
| 24:59 | Build | House |
| 25:11 | Create | Knight |
| 25:23 | Create | Villager (Male) |
| 25:23 | Create | Villager (Male) |
| 25:23 | Create | Villager (Male) |
| 25:24 | Create | Villager (Male) |
| 25:24 | Create | Villager (Male) |
| 25:25 | Create | Villager (Male) |
| 25:25 | Create | Villager (Male) |
| 25:26 | Create | Villager (Male) |
| 26:08 | Build | Mining Camp |
| 26:57 | Build | Town Center |
| 27:24 | Build | Town Center |
Build order — King JC1524
First 150 of 308 actions detected
| 0:04 | Build | House |
| 0:08 | Create | Villager (Male) ×4 |
| 0:21 | Build | House |
| 0:30 | Build | House |
| 0:31 | Build | House |
| 1:39 | Create | Villager (Male) |
| 2:15 | Create | Villager (Male) |
| 2:49 | Create | Villager (Male) |
| 2:50 | Create | Villager (Male) |
| 3:04 | Create | Villager (Male) |
| 3:48 | Create | Villager (Male) |
| 3:56 | Create | Villager (Male) |
| 4:22 | Create | Villager (Male) |
| 4:33 | Build | Mill |
| 4:35 | Create | Villager (Male) |
| 4:53 | Build | House |
| 4:59 | Create | Villager (Male) |
| 5:12 | Create | Villager (Male) ×2 |
| 5:23 | Build | House |
| 5:40 | Create | Villager (Male) |
| 5:51 | Create | Villager (Male) |
| 6:38 | Create | Villager (Male) ×2 |
| 6:52 | Create | Villager (Male) |
| 7:05 | Build | Mill |
| 7:35 | Create | Villager (Male) |
| 8:14 | Create | Villager (Male) ×4 |
| 8:33 | Build | Farm |
| 9:00 | Build | Lumber Camp |
| 9:41 | Build | Farm |
| 9:42 | Build | Farm |
| 9:44 | Build | Farm |
| 10:04 | Build | Farm |
| 10:08 | Research | Feudal Age |
| 10:18 | Build | Farm |
| 10:19 | Create | Villager (Male) ×4 |
| 10:33 | Create | Villager (Male) |
| 10:56 | Create | Villager (Male) |
| 11:17 | Create | Villager (Male) ×3 |
| 11:19 | Create | Villager (Male) |
| 11:27 | Build | Farm |
| 11:28 | Build | Farm |
| 11:29 | Build | Farm |
| 11:52 | Build | House |
| 11:54 | Build | House |
| 11:55 | Build | House |
| 12:02 | Create | Villager (Male) |
| 12:33 | Create | Villager (Male) ×2 |
| 12:34 | Create | Villager (Male) |
| 12:41 | Build | Market |
| 12:43 | Create | Villager (Male) |
| 12:59 | Build | Mining Camp |
| 13:02 | Create | Villager (Male) |
| 13:02 | Create | Villager (Male) |
| 13:53 | Build | Blacksmith |
| 14:04 | Create | Villager (Male) ×5 |
| 14:05 | Create | Villager (Male) ×3 |
| 14:10 | Create | Villager (Male) |
| 14:11 | Create | Villager (Male) |
| 14:34 | Create | Villager (Male) |
| 14:53 | Research | Castle Age |
| 15:08 | Create | Villager (Male) ×4 |
| 15:38 | Research | Stone Mining |
| 15:46 | Build | Mining Camp |
| 16:01 | Research | Double-Bit Axe |
| 16:04 | Research | Horse Collar |
| 16:07 | Research | Gold Mining |
| 16:13 | Create | Villager (Male) |
| 17:21 | Create | Villager (Male) ×4 |
| 17:43 | Build | Town Center |
| 17:47 | Build | Town Center |
| 17:53 | Create | Villager (Male) ×2 |
| 17:54 | Create | Villager (Male) ×2 |
| 18:17 | Create | Villager (Male) |
| 18:30 | Create | Villager (Male) |
| 18:58 | Create | Villager (Male) |
| 19:08 | Create | Villager (Male) |
| 19:43 | Build | House |
| 19:44 | Build | House |
| 19:46 | Build | House |
| 19:50 | Create | Villager (Male) |
| 19:54 | Create | Villager (Male) ×2 |
| 20:02 | Create | Villager (Male) |
| 20:21 | Create | Villager (Male) |
| 20:21 | Create | Villager (Male) |
| 20:37 | Build | University |
| 20:41 | Create | Villager (Male) |
| 21:07 | Build | House |
| 21:08 | Build | House |
| 21:14 | Create | Villager (Male) ×3 |
| 21:59 | Build | Castle |
| 22:06 | Create | Villager (Male) |
| 22:10 | Create | Villager (Male) ×4 |
| 22:10 | Create | Villager (Male) ×4 |
| 22:20 | Build | House |
| 22:22 | Build | House |
| 22:23 | Build | House |
| 22:26 | Create | Villager (Male) |
| 22:29 | Create | Villager (Male) |
| 22:37 | Build | Lumber Camp |
| 22:46 | Create | Villager (Male) |
| 22:47 | Create | Villager (Male) |
| 23:04 | Create | Villager (Male) |
| 23:05 | Create | Villager (Male) |
| 23:08 | Create | Villager (Male) |
| 23:09 | Create | Villager (Male) |
| 23:14 | Build | Farm |
| 23:16 | Build | Farm |
| 23:19 | Build | Farm |
| 23:21 | Build | Farm |
| 23:26 | Create | Villager (Male) |
| 23:32 | Create | Villager (Male) |
| 23:32 | Create | Villager (Male) |
| 23:41 | Build | Mining Camp |
| 23:44 | Create | Janissary |
| 23:46 | Create | Villager (Male) |
| 24:00 | Build | Farm |
| 24:02 | Build | Farm |
| 24:14 | Create | Janissary ×2 |
| 24:25 | Build | Farm |
| 24:26 | Build | Farm |
| 24:28 | Build | Farm |
| 24:30 | Create | Villager (Male) |
| 24:32 | Create | Villager (Male) |
| 24:32 | Create | Villager (Male) |
| 25:10 | Build | Castle |
| 25:43 | Create | Villager (Male) |
| 25:44 | Create | Villager (Male) |
| 25:45 | Create | Villager (Male) |
| 25:45 | Create | Villager (Male) |
| 25:46 | Create | Villager (Male) |
| 25:47 | Create | Villager (Male) |
| 25:53 | Build | Mill |
| 25:55 | Build | Farm |
| 25:56 | Build | Farm |
| 25:57 | Build | Farm |
| 25:59 | Build | Farm |
| 26:00 | Build | Farm |
| 26:02 | Build | Farm |
| 26:05 | Create | Villager (Male) ×3 |
| 26:05 | Create | Villager (Male) ×3 |
| 26:25 | Create | Villager (Male) |
| 26:26 | Create | Villager (Male) |
| 26:31 | Create | Villager (Male) |
| 26:42 | Build | House |
| 26:44 | Build | House |
| 26:45 | Build | House |
| 26:46 | Build | House |
| 26:48 | Build | House |
| 26:49 | Build | House |
| 26:52 | Build | House |
Match timeline
| 11:02 | dumnorix · first_building Barracks |
| 12:13 | dumnorix · age_up feudal |
| 15:58 | dumnorix · first_building Stable |
| 17:31 | dumnorix · first_market_buy 100 stone |
| 18:10 | dumnorix · age_up castle |
| 21:59 | King JC1524 · first_building Castle |
| 24:43 | dumnorix · first_building Castle |
| 27:46 | dumnorix · first_building Monastery |
| 28:52 | King JC1524 · first_building Siege Workshop |
| 30:48 | dumnorix · age_up imperial |
| 32:16 | King JC1524 · first_building Barracks |
| 32:43 | King JC1524 · first_building Stable |
| 33:26 | dumnorix · first_market_sell 100 wood |
| 34:17 | dumnorix · first_building Siege Workshop |
| 56:00 | dumnorix · resign |
[ AI ANALYSIS · 1 CREDIT ]
What really happened in this match?
Wolo.gg analyzes every decision: build order, eco, micro, common mistakes by bracket. Personalized analysis on WhatsApp or Discord in 30 seconds.
Civ guide
Turks
Perfil
Jugador #23747899